 Dungeon Crawl Stone Soup version 0.27.0-1-g7a089689b8 (webtiles) character file.

Game seed: 17480393092119891681

1 thirtiethelement the Skirmisher (level 1, -3/18 HPs)
             Began as a Demonspawn Abyssal Knight on Aug 11, 2021.
             Was an Initiate of Lugonu.
             Slain by a kobold (4 damage)
             ... on level 1 of the Dungeon.
             The game lasted 00:01:00 (151 turns).

thirtiethelement the Skirmisher (DsAK)               Turns: 151, Time: 00:01:00

Health: -3/18      AC: 10    Str: 12    XL:     1   Next: 16%
Magic:  2/2        EV:  2    Int: 13    God:    Lugonu [......]
Gold:   19         SH:  0    Dex: 12    Spells: 0/0 levels left

rFire    . . .     SeeInvis .   a - +1 falchion
rCold    . . .     Faith    .   (no shield)
rNeg     . . .     Spirit   .   e - +0 plate armour
rPois    .         Reflect  .   (no helmet)
rElec    .         Harm     .   (no cloak)
rCorr    .         Rampage  .   (no gloves)
Will     .....                  (no boots)
Stlth    ..........             (no amulet)
HPRegen  0.06/turn              (no ring)
MPRegen  0.08/turn              (no ring)

@: no status effects
A: no striking features
a: Renounce Religion


You were on level 1 of the Dungeon.
You worshipped Lugonu.
Lugonu was noncommittal.
You visited 1 branch of the dungeon, and saw 1 of its levels.
You visited the Abyss 1 time.

You collected 19 gold pieces.

Inventory:

Hand Weapons
 a - a +1 falchion (weapon)
Armour
 e - a +0 plate armour (worn)
Wands
 d - a wand of flame (14)
Potions
 b - 2 potions of degeneration {unknown}
 c - a potion of ambrosia {unknown}


   Skills:
 + Level 3.1 Fighting
 + Level 1.7 Long Blades
 + Level 1.7 Armour
 + Level 0.8 Dodging
 + Level 2.4 Invocations


You couldn't memorise any spells.
You didn't know any spells.
Your spell library contained the following spells:

 Spells                   Type           Power      Damage    Failure   Level
 Beastly Appendage        Tmut           0%         N/A       100%        1
 Wereblood                Tmut           0%         N/A       100%        2
 Spider Form              Tmut/Pois      0%         N/A       100%        3


Dungeon Overview and Level Annotations

Branches:
Dungeon (1/15)

Altars:


Message History

The kobold throws a stone.
The stone hits you but does no damage.
Found 10 gold pieces.
The hobgoblin hits you but does no damage.
You barely miss the hobgoblin. The hobgoblin hits you.
The endoplasm freezes you.
You are frozen.
You barely miss the hobgoblin. The hobgoblin barely misses you.
The endoplasm hits you but does no damage.
You barely miss the hobgoblin.
The hobgoblin hits you but does no damage.
The endoplasm freezes you.
You are frozen.
The kobold hits you but does no damage.
Your plate armour prevents you from hitting the hobgoblin.
The hobgoblin barely misses you. The endoplasm hits you.
The kobold hits you but does no damage.
You closely miss the hobgoblin.
The hobgoblin hits you but does no damage.
The kobold hits you with a +0 club.
The endoplasm hits you but does no damage.
The hobgoblin hits you. The endoplasm barely misses you.
The kobold hits you but does no damage.
You are too injured to fight recklessly!
The endoplasm freezes you.
You are frozen.
You closely miss the hobgoblin.
The hobgoblin hits you but does no damage.
The endoplasm hits you but does no damage.
You closely miss the hobgoblin. The kobold hits you with a +0 club.
The endoplasm freezes you.
You are frozen.
* * * LOW HITPOINT WARNING * * *
The hobgoblin hits you.
* * * LOW HITPOINT WARNING * * *
You slash the hobgoblin!
You kill the hobgoblin!
Lugonu accepts your kill. The kobold hits you but does no damage.
The endoplasm hits you but does no damage.
You barely miss the kobold. The kobold hits you with a +0 club.
You die...

#..############ #..
###..#8##8##8##8###..
.................... ##
#..................
...##..................
.......................
.#..................
#..#8##8##8##8###..
#.@############ #..
+K†J...$.. ###
##......## # +......+
#......# #........
#........ #####....
....


You could see an endoplasm and a kobold.

Vanquished Creatures
  A hobgoblin (D:1)
1 creature vanquished.

Notes
Turn   | Place    | Note
-------+----------+-------------------------------------------
     0 | Abyss:1  | thirtiethelement the Demonspawn Abyssal Knight began the
                  | quest for the Orb.
     0 | Abyss:1  | Reached XP level 1. HP: 18/18 MP: 2/2
    61 | Abyss:2  | Noticed a raiju
    69 | D:1      | Escaped the Abyss
   151 | D:1      | Slain by a kobold

Illustrated notes

Levels and vault maps discovered:
D:1:      psy_arrival_heroes, layout_basic

Action                   || total
-------------------------++-------
Melee: Falchion          ||     9
Invok: Depart the Abyss  ||     1
Armor: Plate armour      ||    13
Dodge: Dodged            ||     4
